 Dungeon Crawl Stone Soup version 0.30.1-3-gfc49f6343a (webtiles) character file.

Game seed: 13249091534626118661

587 spardeous the Chiller (level 6, 0/56 HPs)
             Began as a Demigod Ice Elementalist on July 27, 2023.
             Slain by an ogre
             ... wielding a +0 giant club
              (13 damage)
             ... on level 5 of the Dungeon.
             The game lasted 00:09:10 (5448 turns).

spardeous the Chiller (Demigod Ice Elementalist)    Turns: 5448, Time: 00:09:11

Health: 0/56       AC: 10    Str:  9    XL:     6   Next: 92%
Magic:  11/23      EV: 11    Int: 25    God:
Gold:   233        SH:  0    Dex: 14    Spells: 4/11 levels left

rFire   . . .        u - +6 mace (holy)
rCold   . . .        (no shield)
rNeg    . . .        w - +0 leather armour
rPois   .            v - +0 helmet
rElec   .            (no cloak)
rCorr   .            (no gloves)
SInv    .            e - +0 pair of boots
Will    +....        (no amulet)
Stlth   ++           A - ring of willpower
HPRegen 0.29/turn    G - ring of magical power
MPRegen 0.18/turn

%: no passive effects
@: ice-armoured
A: high MP 1, forlorn, divine attributes
a: no special abilities


You were on level 5 of the Dungeon.
You visited 1 branch of the dungeon, and saw 5 of its levels.

You collected 233 gold pieces.

Inventory:

Hand Weapons
 g - a +0 dagger of draining
 k - a +3 mace
 u - a +6 mace of holy wrath (weapon)
Armour
 a - a +0 robe
 e - a +0 pair of boots (worn)
 p - a +0 tower shield
 s - a +0 hat
 v - a +0 helmet (worn)
 w - a +0 leather armour (worn)
Magical Staves
 c - a staff of air
Jewellery
 A - a ring of willpower (left hand)
 B - a ring of willpower
 C - a ring of resist corrosion
 E - an amulet of guardian spirit
 G - a ring of magical power (right hand)
Wands
 y - a wand of flame (19)
 F - a wand of charming (3)
Scrolls
 d - a scroll of fog {unknown}
 f - 2 scrolls of teleportation {unknown}
 h - a scroll of amnesia {unknown}
 i - a scroll of identify {unknown}
 l - 2 scrolls of fear {unknown}
 o - a scroll of enchant weapon {unknown}
 t - a scroll of poison {unknown}
 x - a scroll of enchant armour {unknown}
Potions
 b - a potion of magic
 j - a potion of mutation {unknown}
 m - a potion of degeneration {unknown}
 n - 2 potions of heal wounds {unknown}
 q - a potion of attraction {unknown}
 r - a potion of ambrosia {unknown}
 z - 2 potions of haste {unknown}
 D - 2 potions of curing {unknown}


   Skills:
 + Level 5.0 Fighting
 - Level 1.7 Dodging
 - Level 1.7 Stealth
 + Level 3.3 Spellcasting
 - Level 5.0 Ice Magic


You had 4 spell levels left.
You knew the following spells:

 Your Spells              Type           Power      Damage    Failure   Level
a - Freeze                Ice            100%       1d10      1%          1
b - Frozen Ramparts       Ice            58%        1d9       5%          3
c - Ozocubu's Armour      Ice            29%        N/A       5%          3

Your spell library contained the following spells:

 Spells                   Type           Power      Damage    Failure   Level
 Apportation              Tloc           8%         N/A       14%         1
 Necrotise                Necr           16%        1d4       14%         1
 Summon Small Mammal      Summ           16%        N/A       14%         1
 Sublimation of Blood     Necr           4%         N/A       22%         2
 Wereblood                Tmut           4%         N/A       22%         2
 Summon Ice Beast         Ice/Summ       16%        N/A       43%         4
 Summon Hydra             Summ           2%         N/A       100%        7


Dungeon Overview and Level Annotations

Branches:
Dungeon (5/15)
 Temple: D:4-7


Innate Abilities, Weirdness & Mutations

You have an increased reservoir of magic. (+10% MP)
You shall have no god before yourself.
Your divine heritage dramatically boosts your attributes as you level up.


Message History

Casting: Ozocubu's Armour (dangerous; 5% risk of failure)
Confirm with . or Enter, or press ? or * to list all spells.
Aiming: Freeze (safe; 1% risk of failure)
Press: ? - help, Shift-Dir - straight line, f - ogre
Aim: an ogre, wielding a +0 giant club You freeze the ogre.
The ogre is lightly wounded.
The ogre hits you with a +0 giant club.
* * * LOW HITPOINT WARNING * * *
You take 6 damage, and have 12/56 hp.
You now have 14/23 mp.
An ogre is nearby!
Casting: Freeze (safe; 1% risk of failure)
Confirm with . or Enter, or press ? or * to list all spells.
Aiming: Freeze (safe; 1% risk of failure)
Press: ? - help, Shift-Dir - straight line, f/p - ogre
Aim: an ogre, wielding a +0 giant club (lightly wounded)
You freeze the ogre.
The ogre is moderately wounded.
You now have 13/23 mp.
Unknown command.
An ogre is nearby!
Casting: Freeze (safe; 1% risk of failure)
Confirm with . or Enter, or press ? or * to list all spells.
Aiming: Freeze (safe; 1% risk of failure)
Press: ? - help, Shift-Dir - straight line, f/p - ogre
Aim: an ogre, wielding a +0 giant club (moderately wounded)
You freeze the ogre.
The ogre is heavily wounded.
The ogre completely misses you.
You now have 12/23 mp.
An ogre is nearby!
Casting: Freeze (safe; 1% risk of failure)
Confirm with . or Enter, or press ? or * to list all spells.
Aiming: Freeze (safe; 1% risk of failure)
Press: ? - help, Shift-Dir - straight line, f/p - ogre
Aim: an ogre, wielding a +0 giant club (heavily wounded)
You freeze the ogre!
The ogre is severely wounded.
The ogre hits you with a +0 giant club!
You die...

##...........##
#########....#
####
#....####...
##..........#
##...##....###
##...####..##
#.# ##..###
#..###
."...####..##
#.^..##
......)@..##
##.....
###...O...#
##.<.#
###....## #####
##...# #....
#?.... #.....
#......


You could see an ogre.

Vanquished Creatures
  An ogre (D:5)
  A centaur (D:5)
  A crimson imp (D:4)
  3 hounds
  2 jellies
  Jessica (D:2)
  Robin (D:2)
  8 adders
  A white imp (D:4)
  A worm (D:3)
  3 dart slugs
  6 orcs
  6 ball pythons
  7 endoplasms
  2 giant cockroaches
  16 goblins
  9 hobgoblins
  12 jackals
  5 quokkas
  2 bats (D:1)
  3 frilled lizards
  9 kobolds
  7 rats
107 creatures vanquished.

Vanquished Creatures (others)
  A kobold (D:1)
1 creature vanquished.

Grand Total: 108 creatures vanquished

Notes
Turn   | Place    | Note
-------+----------+-------------------------------------------
     0 | D:1      | spardeous the Demigod Ice Elementalist began the quest for
                  | the Orb.
     0 | D:1      | Reached XP level 1. HP: 14/14 MP: 5/5
   323 | D:1      | Reached XP level 2. HP: 17/20 MP: 0/7
  1191 | D:2      | Reached XP level 3. HP: 26/26 MP: 3/8
  1417 | D:2      | Reached skill level 5 in Ice Magic
  1634 | D:2      | Noticed Robin
  1924 | D:2      | Killed Robin
  1925 | D:2      | Reached skill level 1 in Fighting
  1925 | D:2      | Reached XP level 4. HP: 29/35 MP: 4/9
  2225 | D:2      | Noticed Jessica
  2231 | D:2      | Killed Jessica
  2620 | D:3      | Reached XP level 5. HP: 36/44 MP: 4/10
  2624 | D:3      | Learned a level 3 spell: Frozen Ramparts
  2628 | D:3      | Learned a level 3 spell: Ozocubu's Armour
  4482 | D:4      | Reached XP level 6. HP: 52/52 MP: 8/12
  5172 | D:5      | Entered Level 5 of the Dungeon
  5444 | D:5      | Reached skill level 5 in Fighting
  5448 | D:5      | Slain by an ogre

Illustrated notes

Levels and vault maps discovered:
D:1:      psy_arrival_terrarium, layout_basic,
          shapermc_ecumenical_altar_hornbeckon, lemuel_flame_loot_1
D:2:      layout_basic, uniq_jessica, uniq_robin
D:3:      layout_loops_corners, gammafunk_temple_overflow_claw, chequers_garden,
          minmay_circle_x
D:4:      layout_cave_pods, mainiacjoe_overflow_alcove_4,
          lemuel_coloured_pillars_altar, minmay_fire_ice_demons
D:5:      layout_layer_cave

Skill      XL: |  1  2  3  4  5  6 |
---------------+-------------------+-----
Ice Magic      | 4 5 |  5.0
Fighting       | 1 2 4 5 |  5.0
Spellcasting   | 2 3 |  3.3
Dodging        | |  1.7
Stealth        | |  1.7

Action                     |  1- 3 |  4- 6 || total
---------------------------+-------+-------++-------
  Melee: Dagger            |     4 |       ||     4
         Mace              |     5 |    24 ||    29
         Punch             |     1 |       ||     1
   Cast: Freeze            |    82 |   109 ||   191
         Ozocubu's Armour  |       |     3 ||     3
         Frozen Ramparts   |       |     1 ||     1
   Stab: Sleeping          |     1 |       ||     1
 Armour: Robe              |    24 |     4 ||    28
         Leather armour    |       |    27 ||    27
  Dodge: Dodged            |    63 |    65 ||   128
